 Dungeon Crawl Stone Soup version 0.30-a0-760-g5a9884bb7c (webtiles) character file.

Game seed: 1906553715452801792

79 Spectrina the Magician (level 4, 0/32 HPs)
             Began as a Merfolk Hexslinger on Feb 2, 2023.
             Succumbed to an adder's poison
             ... on level 3 of the Dungeon on Feb 11, 2023.
             The game lasted 00:09:03 (708 turns).

Spectrina the Magician (Merfolk Hexslinger)          Turns: 708, Time: 00:09:03

Health: 0/32       AC:  4    Str: 15    XL:     4   Next: 38%
Magic:  9/9        EV: 16    Int: 10    God:
Gold:   121        SH:  0    Dex: 17    Spells: 9/10 levels left

rFire   + . .      SeeInvis .    a - +1 sling
rCold   . . .      Faith    .    (no shield)
rNeg    . . .      Spirit   .    c - +0 robe
rPois   .          Reflect  .    e - +0 helmet
rElec   .          Harm     .    (no cloak)
rCorr   .          Rampage  .    (no gloves)
Will    .....                    (boots currently unavailable)
Stlth   +++                      (no amulet)
HPRegen 0.25/turn                (no ring)
MPRegen 0.11/turn                (no ring)

@: lethally poisoned (0 -> -3), about to teleport, very quick
A: nimble swimmer 2, mertail, agile 1, fire resistance 1, shaggy fur 1, strong 1
a: no special abilities


You were on level 3 of the Dungeon.
You visited 1 branch of the dungeon, and saw 3 of its levels.

You collected 121 gold pieces.

Inventory:

Hand Weapons
 a - a +1 sling (weapon)
 f - a +0 spear
Missiles
 j - 7 poisoned darts
 k - 4 javelins
Armour
 c - a +0 robe (worn)
 e - a +0 helmet (worn)
Scrolls
 b - a scroll of poison
 d - a scroll of identify
 h - a scroll of teleportation
 l - a scroll of acquirement
Potions
 i - a potion of haste


   Skills:
 - Level 1.1 Fighting
 - Level 1.5 Ranged Weapons
 - Level 2.6 Dodging
 + Level 3.7 Spellcasting
 - Level 3.0 Hexes


You had 9 spell levels left.
You knew the following spells:

 Your Spells              Type           Power      Damage    Failure   Level
a - Slow                  Hex            28%        N/A       8%          1

Your spell library contained the following spells:

 Spells                   Type           Power      Damage    Failure   Level
 Inner Flame              Hex/Fire       4%         N/A       38%         3
 Portal Projectile        Hex/Tloc       8%         N/A       38%         3
 Cause Fear               Hex            3%         N/A       58%         4


Dungeon Overview and Level Annotations

Branches:
Dungeon (3/15)

Altars:

Portals:
Sewer: D:3


Innate Abilities, Weirdness & Mutations

You are very nimble when in or above water. (Stealth+, EV+, Speed+++)
Your lower body shifts to a powerful aquatic tail in water.
You are agile. (Dex +4, Str/Int -1)
Your flesh is heat resistant. (rF+)
You are covered in fur. (AC +1)
Your muscles are strong. (Str +4, Int/Dex -1)


Message History

The river rat barely misses you. The giant cockroach bites you.
You shoot a sling bullet.
The sling bullet barely misses the giant cockroach.
You feel sick. The adder barely misses you.
The giant cockroach closely misses you. The worm barely misses you.
The river rat barely misses you. The adder misses you.
You shoot a sling bullet.
The sling bullet barely misses the giant cockroach.
You feel sick.
The giant cockroach completely misses you.
The river rat misses you. The adder bites you.
You are more poisoned.
The adder poisons you! The worm bites you but does no damage.
The giant cockroach closely misses you. The river rat barely misses you.
You shoot a sling bullet.
The sling bullet hits the giant cockroach.
The giant cockroach is heavily wounded.
You feel sick. The adder bites you but does no damage.
The giant cockroach barely misses you. The adder bites you.
You are more poisoned.
The adder poisons you! The river rat closely misses you.
The worm completely misses you. The giant cockroach misses you.
You shoot a sling bullet.
The sling bullet barely misses the giant cockroach.
You feel sick. The adder barely misses you.
The giant cockroach splashes around in the water.
The river rat bites you. The adder barely misses you.
The worm closely misses you.
You shoot a sling bullet.
The sling bullet hits the giant cockroach!
You kill the giant cockroach!
You feel sick. The adder bites you but does no damage. The river rat bites you.
* * * LOW HITPOINT WARNING * * *
The adder closely misses you. The river rat bites you.
* * * LOW HITPOINT WARNING * * *
Okay, then.
As you read the scroll labelled ZOUPOC HYPHEO, it crumbles to dust.
You feel strangely unstable.
It was a scroll of teleportation.
You die...

##########
##.~.~#~~~#
##....~#†w~#
#...~~~#@r~#
#.#..~~#S#+#
#.#..~~~w~~#
####.#......~~#
##....#.....~.~#
#####..####........#
..)...## ##########
.###.## .#.#.#


You could see 2 worms, an adder and a river rat.

Vanquished Creatures
  Robin (D:3)
  2 adders
  A worm (D:2)
  A dart slug (D:2)
  5 orcs (D:3)
  A giant cockroach (D:3)
  10 goblins
  5 hobgoblins (D:3)
  2 quokkas
  4 ball pythons
  A bat (D:1)
  A frilled lizard (D:3)
  4 rats
38 creatures vanquished.

Notes
Turn   | Place    | Note
-------+----------+-------------------------------------------
     0 | D:1      | Spectrina the Merfolk Hexslinger began the quest for the
                  | Orb.
     0 | D:1      | Reached XP level 1. HP: 15/15 MP: 2/2
    81 | D:2      | Found a faded altar of an unknown god.
   163 | D:2      | Reached XP level 2. HP: 20/21 MP: 4/4
   357 | D:3      | Reached XP level 3. HP: 26/26 MP: 6/6
   357 | D:3      | Upgraded the game from 0.30-a0-737-gf23d94013f to
                  | 0.30-a0-738-g116ff8c4af
   357 | D:3      | Upgraded the game from 0.30-a0-738-g116ff8c4af to
                  | 0.30-a0-760-g5a9884bb7c
   458 | D:3      | Noticed Robin
   492 | D:3      | Gained mutation: Your muscles are strong. (Str +4, Int/Dex
                  | -1) [potion of mutation]
   492 | D:3      | Gained mutation: You are agile. (Dex +4, Str/Int -1)
                  | [potion of mutation]
   492 | D:3      | Gained mutation: You are covered in fur. (AC +1) [potion of
                  | mutation]
   492 | D:3      | Gained mutation: Your flesh is heat resistant. (rF+)
                  | [potion of mutation]
   525 | D:3      | Killed Robin
   526 | D:3      | Reached XP level 4. HP: 24/32 MP: 7/9
   696 | D:3      | Found a glowing drain.
   700 | D:3      | Identified a scroll of acquirement
   707 | D:3      | HP: 1/32 [river rat (5)]
   708 | D:3      | Succumbed to an adder's poison

Illustrated notes

Levels and vault maps discovered:
D:1:      scummos_arrival_gate, layout_basic
D:2:      layout_loops_corners, chequers_ecumenical_altar_simple_redux,
          grunt_ministairs_1
D:3:      layout_basic, portal_sewer_entry_e, uniq_robin

Skill      XL: |  1  2  3 |
---------------+----------+-----
Spellcasting   | 2 3 |  3.7
Fighting       | |  1.1
Ranged Weapons | |  1.5
Dodging        | |  2.6
Hexes          | |  3.0

Action                     |  1- 3 |  4- 6 || total
---------------------------+-------+-------++-------
   Fire: Sling             |   100 |    27 ||   127
   Cast: Slow              |     7 |       ||     7
    Use: Potion            |     2 |     1 ||     3
         Scroll            |       |     2 ||     2
 Armour: Robe              |    10 |    10 ||    20
  Dodge: Dodged            |    49 |    55 ||   104

Table legend: (Time is in decaauts)
 A = Elapsed time spent in this place.
 B = Non-inter-level travel time spent in this place.
 C = Inter-level travel time spent in this place.
 D = Time resting spent in this place.
 E = Time spent auto-exploring this place.
 F = Levels seen in this place.
 G = Mean time per level.
                   A        B        C        D        E       F      G
               +--------+--------+--------+--------+--------+-----+--------+
         Total |    746 |    746 |      0 |      0 |      0 |   3 |  248.7 |
       Dungeon |    746 |    746 |      0 |      0 |      0 |   3 |  248.7 |
               +--------+--------+--------+--------+--------+-----+--------+

Top non-repeatable levels by time:
     D:3: 453 daAuts
     D:2: 235 daAuts
     D:1: 57 daAuts
